 Dungeon Crawl Stone Soup version 0.16-a0-3049-g2a447e9 (webtiles) character file.

142 Chiseanne the Skirmisher (level 5, 0/42 HPs)
             Began as a Demonspawn Wanderer on Dec 9, 2014.
             Was an Initiate of Gozag.
             Slain by an orc
             ... wielding a +0 flail
              (10 damage)
             ... on level 3 of the Dungeon.
             The game lasted 00:10:30 (3859 turns).

Chiseanne the Skirmisher (Demonspawn Wanderer)      Turns: 3859, Time: 00:10:30

Health: 0/42       AC:  6    Str: 12    XL:     5   Next: 4%
Magic:  9/9        EV: 13    Int: 13    God:    Gozag
Gold:   97         SH:  0    Dex: 14    Spells: 1 memorised, 6 levels left

rFire  . . .     SeeInvis .     a - +2 spear
rCold  . . .     Clarity  .     c - +1 robe
rNeg   . . .     SustAb   .     (no shield)
rPois  .         Gourm    .     (helmet restricted)
rElec  .         Spirit   .     t - +2 cloak
rCorr  .         Warding  .     (no gloves)
rMut   .         Stasis   .     (no boots)
MR     .....                    (no amulet)
Stlth  ++........               (no ring)
                                (no ring)

@: lethally poisoned, not resistant to hostile enchantments, unstealthy
A: antennae 1, powered by death 1
a: Potion Petition, Call Merchant, Bribe Branch, Renounce Religion


You were on level 3 of the Dungeon.
You worshipped Gozag.
Gozag was noncommittal.
You were hungry.

You visited 1 branch of the dungeon, and saw 3 of its levels.

You collected 194 gold pieces.
You paid 97 gold pieces to Gozag.

Inventory:

Hand weapons
 a - a +2 spear (weapon)
Missiles
 b - 13 arrows of flame
 f - 105 stones (quivered)
 j - 48 poisoned needles
 k - 76 arrows
 v - 29 sling bullets
Armour
 c - a +1 robe (worn)
 t - a +2 cloak (worn)
Jewellery
 l - an uncursed ring of ice
 s - an uncursed ring of poison resistance {unknown}
Scrolls
 m - 2 scrolls of identify
 n - a scroll of teleportation
 q - 3 scrolls of remove curse
 r - a scroll of fear
Potions
 e - a potion of resistance
 g - a potion of invisibility
 h - a potion of might
 i - 3 potions of curing
Books
 o - a book of Burglary

   Spells                             Type                      Level
   a - Swiftness                      Charms/Air                   2
   b - Passwall                       Transmutation/Earth          3
   c - Passage of Golubria            Translocation                4
   d - Lee's Rapid Deconstruction     Earth                        5
   e - Invisibility                   Hexes                        6
   f - Darkness                       Hexes                        7
Comestibles
 d - 3 bread rations
 p - 3 meat rations
 u - a slice of pizza


   Skills:
 * Level 3.7 Fighting
 * Level 3.3 Dodging
 - Level 1.0 Stealth
   Level 1.0 Shields
 * Level 2.1 Spellcasting
   Level 3.0 Summonings


You had 6 spell levels left.
You knew the following spells:

 Your Spells              Type           Power        Failure   Level  Hunger
a - Swiftness             Chrm/Air       #.......     38%         2    ###....


Dungeon Overview and Level Annotations

Branches:
Dungeon (3/15)

Altars:
Gozag


Innate Abilities, Weirdness & Mutations

You have a pair of small antennae on your head.
You can steal the life force of nearby defeated enemies.


Message History

You hit the orc but do no damage.
The orc is moderately wounded.
The orc hits you with a dagger of venom.
You are poisoned.
The orc hits you with a flail.
You hit the orc.
The orc is severely wounded.
You feel sick. The orc barely misses you.
You hit the orc but do no damage.
The orc is severely wounded.
You feel sick. The orc hits you with a flail!
* * * LOW HITPOINT WARNING * * *
The orc hits you but does no damage.
You are lethally poisoned!
You closely miss the orc.
The orc is severely wounded.
* * * LOW HITPOINT WARNING * * *
You feel sick. The orc closely misses you. The orc hits you with a flail!
You die...
Your body crumbles into a pile of gold.

#....... ...... #.
...###.... ..... ##.
### ##.#....... #.. .
########..#..... ##..
...#.
..##..##.##.###...
#.........###.#.......#
....#...........##..##
#..o.# #.#....## #@####
#....<.# .
#.o..#####.....#
#.###.$...........#
#....$......##....#
###.........##....###
###................
###########..#### ####


You could see 2 orcs.

Vanquished Creatures
  An orc wizard (D:2)
  3 adders
  A worm (D:2)
  An ooze (D:1)
  7 orcs
  4 giant cockroaches
  8 goblins
  6 hobgoblins
  9 jackals
  8 kobolds
  11 bats
  5 giant newts
  A quokka (D:2)
  10 rats
75 creatures vanquished.

Notes
Turn   | Place    | Note
--------------------------------------------------------------
     0 | D:1      | Chiseanne, the Demonspawn Wanderer, began the quest for the Orb.
     0 | D:1      | Chiseanne set off with: a +2 spear, 2 potions of lignification, a +0 robe, a bread ration
     0 | D:1      | Reached XP level 1. HP: 16/16 MP: 3/3
   241 | D:1      | Gained mutation: You can steal the life force of nearby defeated enemies. [demonic ancestry]
   241 | D:1      | Reached XP level 2. HP: 4/23 MP: 4/4
   255 | D:1      | HP: 1/23 [poisoned by an adder]
  1288 | D:1      | Gained mutation: You have a pair of small antennae on your head. [demonic ancestry]
  1288 | D:1      | Reached XP level 3. HP: 28/28 MP: 6/6
  1693 | D:2      | HP: 1/29 [worm (11)]
  2940 | D:2      | Learned a level 2 spell: Swiftness
  3067 | D:2      | Reached XP level 4. HP: 35/35 MP: 7/7
  3606 | D:3      | Found an opulent altar of Gozag.
  3696 | D:3      | Became a worshipper of Gozag Ym Sagoz the Greedy
  3842 | D:3      | Reached XP level 5. HP: 31/42 MP: 9/9
  3859 | D:3      | Slain by an orc

Action                   |  1- 3 |  4- 6 || total
-------------------------+-------+-------++-------
Melee: Spear             |   142 |   119 ||   261
Throw: Stone             |    11 |       ||    11
  Use: Scroll            |     9 |     1 ||    10
       Potion            |     2 |     1 ||     3
 Stab: Sleeping          |     1 |       ||     1
  Eat: Chunk             |     6 |     3 ||     9
